 Dungeon Crawl Stone Soup version 0.18-a0-5-gf1fb587 (webtiles) character file.

64 Nopony the Magician (level 3, 0/19 HPs)
             Began as a Deep Elf Wizard on Oct 31, 2015.
             Succumbed to an adder's poison
             ... on level 3 of the Dungeon.
             The game lasted 00:26:59 (2619 turns).

Nopony the Magician (Deep Elf Wizard)               Turns: 2619, Time: 00:26:59

Health: 0/19       AC:  2    Str:  4    XL:     3   Next: 91%
Magic:  0/12       EV: 12    Int: 23    God:
Gold:   149        SH:  0    Dex: 13    Spells: 3 memorised, 7 levels left

rFire  . . .     SeeInvis .     (no weapon)
rCold  . . .     Clarity  .     a - +0 robe
rNeg   . . .     SustAt   .     (no shield)
rPois  .         Gourm    .     b - +0 hat
rElec  .         Spirit   .     (no cloak)
rCorr  .         Warding  .     (no gloves)
rMut   .         Stasis   .     (no boots)
MR     .....                    (no amulet)
Stlth  ++........               (no ring)
                                (no ring)

@: lethally poisoned (0 -> -13), very slightly contaminated, not resistant to
hostile enchantments, unstealthy
A: no striking features
a: no special abilities


You were on level 3 of the Dungeon.
You were very full.

You visited 1 branch of the dungeon, and saw 3 of its levels.

You collected 149 gold pieces.

Inventory:

Hand Weapons
 i - a +0 dagger
 k - a +0 club
 n - a +0 club
 r - a +0 dagger
 v - a +0 hunting sling
 x - a +0 club
 A - a +0 club
 C - a +0 club
 D - a +0 club
 E - a +0 club
 F - a +0 dagger
 G - a +0 dagger
 H - a +4 whip
 I - a +0 club
 K - a +2 dagger of venom
Missiles
 e - 61 sling bullets
 w - 51 stones (quivered)
Armour
 a - a +0 robe (worn)
 b - a +0 hat (worn)
 p - a +0 scale mail
 s - a +0 robe
 u - a +0 robe
 y - a +0 robe
 L - a +0 leather armour
Scrolls
 h - 2 scrolls of remove curse
 l - a scroll of amnesia
 m - a scroll of fear {unknown}
Potions
 f - 2 potions of haste
 g - a potion of lignification {unknown}
 j - a potion of degeneration {unknown}
 z - a potion of invisibility {unknown}
 B - a potion of curing
 J - a potion of resistance {unknown}
Books
 c - a book of Minor Magic

   Spells                             Type                      Level
   a - Magic Dart                     Conjuration                  1
   b - Blink                          Translocation                2
   c - Call Imp                       Summoning                    2
   d - Repel Missiles                 Charms/Air                   2
   e - Slow                           Hexes                        2
   f - Conjure Flame                  Conjuration/Fire             3
   g - Mephitic Cloud                 Conjuration/Poison/Air       3
Comestibles
 d - a bread ration
 q - 12 fruits
 t - a meat ration


   Skills:
 - Level 2.4 Dodging
 * Level 2.9 Stealth
 * Level 5.8 Spellcasting
 * Level 2.0 Conjurations
   Level 1.1 Summonings
 * Level 1.1 Translocations
 * Level 1.0 Fire Magic


You had 7 spell levels left.
You knew the following spells:

 Your Spells              Type           Power        Failure   Level  Hunger
a - Magic Dart            Conj           ###.         4%          1    None
b - Blink                 Tloc           N/A          10%         2    None
c - Conjure Flame         Conj/Fire      ##......     14%         3    #......


Dungeon Overview and Level Annotations

Branches:
Dungeon (3/15)

Altars:

Annotations:
D:3 Robin


Message History

You feel sick. The adder bites you.
* * * LOW HITPOINT WARNING * * *
You are more poisoned.
The adder poisons you! The hobgoblin barely misses you.
Forget which spell ([?*] list [ESC] exit)?
Forget which spell ([?*] list [ESC] exit)?
Okay, then.
Unknown command.
Really attack barehanded?
Okay, then.
Really attack barehanded? [Y]es or [N]o only, please.
Really attack barehanded?
You closely miss the adder.
* * * LOW HITPOINT WARNING * * *
You feel sick. The adder barely misses you. The hobgoblin misses you.
Casting: Blink
Confirm with . or Enter, or press ? or * to list all spells.
You blink.
You die...

#..#.##...... #.........#.# ...
##..<.##...#.# ....+
...........#.# #....#####
#......#.#.#
#....#...########.....#..#.####
..............................
#.###...####...#..............
####.#....g####.@.#.....##....##.
..).......ggg§S...##.............
###....#..S####..#...........####
#....#.######..#.#.........#
#....#.# #.....#........#..#
#....#.###.##..#)..#.##.#..#
###....#.#.......#...#.##.#..#
.........#...........#.##.#..#
.....................#.##.#..#


You could see 2 adders, a hobgoblin and 2 goblins.

Vanquished Creatures
  An adder (D:3)
  An ooze (D:2)
  A worm (D:3)
  2 giant geckos
  An orc (D:3)
  6 bats
  A giant cockroach (D:1)
  6 goblins
  8 hobgoblins
  6 jackals
  2 giant newts
  5 kobolds
  5 rats
45 creatures vanquished.

Notes
Turn   | Place    | Note
--------------------------------------------------------------
     0 | D:1      | Nopony the Deep Elf Wizard began the quest for the Orb.
     0 | D:1      | Reached XP level 1. HP: 10/10 MP: 7/7
   306 | D:1      | Reached skill level 5 in Spellcasting
   306 | D:1      | Reached XP level 2. HP: 15/15 MP: 6/10
   336 | D:1      | Learned a level 2 spell: Blink
  1407 | D:2      | Reached XP level 3. HP: 19/19 MP: 6/11
  1412 | D:2      | Learned a level 3 spell: Conjure Flame
  2570 | D:3      | Noticed Robin
  2595 | D:3      | Reached skill level 1 in Fire Magic
  2619 | D:3      | Succumbed to an adder's poison

Vault maps used:
D:1:      minmay_arrival_floating_metal
D:2:      nicolae_dithmenos_through_a_glass_darkly
D:3:      hangedman_decor_growths, guppyfry_early_lair_pool, uniq_terence,
          uniq_jessica, uniq_robin

Action                   || total
-------------------------++-------
Melee: Unarmed           ||     1
 Cast: Magic Dart        ||   118
       Conjure Flame     ||     6
       Blink             ||     3
  Use: Scroll            ||     3
       Potion            ||     2
  Eat: Fruit             ||     2
       Meat ration       ||     2
